 Dungeon Crawl Stone Soup version 0.28-a0-1038-g9c4cb8273d (webtiles) character file.

Game seed: 16112612111875927706

161 weirdocat the Chopper (level 5, -5/45 HPs)
             Began as a Hill Orc Fighter on Dec 8, 2021.
             Slain by Pikel (10 damage)
             ... on level 4 of the Dungeon.
             The game lasted 00:22:23 (4899 turns).

weirdocat the Chopper (Hill Orc Fighter)            Turns: 4899, Time: 00:22:24

Health: -5/45      AC:  8    Str: 21    XL:     5   Next: 42%
Magic:  5/5        EV:  9    Int:  8    God:
Gold:   73         SH:  4    Dex: 10    Spells: 4/4 levels left

rFire   + . .      SeeInvis .   a - +0 war axe
rCold   . . .      Faith    .   c - +0 buckler
rNeg    + . .      Spirit   .   b - +0 scale mail
rPois   .          Reflect  .   n - +0 helmet
rElec   .          Harm     .   (no cloak)
rCorr   .          Rampage  .   (no gloves)
Will    .....                   (no boots)
Stlth   ..........              (no amulet)
HPRegen 0.15/turn               m - ring of protection from fire
MPRegen 0.09/turn               u - ring of positive energy

@: mighty
A: no striking features
a: no special abilities


You were on level 4 of the Dungeon.
You visited 1 branch of the dungeon, and saw 4 of its levels.

You collected 73 gold pieces.

Inventory:

Hand Weapons
 a - a +0 war axe (weapon)
Armour
 b - a +0 scale mail (worn)
 c - a +0 buckler (worn)
 n - a +0 helmet (worn)
Jewellery
 m - a ring of protection from fire (left hand)
 u - a ring of positive energy (right hand)
 v - a +4 ring of protection
Wands
 r - a wand of digging (4)
Scrolls
 e - a scroll of enchant weapon {unknown}
 h - 3 scrolls of blinking {unknown}
 i - 4 scrolls of summoning {unknown}
 j - 3 scrolls of identify {unknown}
 l - a scroll of enchant armour {unknown}
 o - 2 scrolls of vulnerability {unknown}
 q - a scroll of teleportation {unknown}
 w - a scroll of brand weapon {unknown}
 y - a scroll of acquirement {unknown}
Potions
 g - a potion of heal wounds {unknown}
 k - a potion of mutation {unknown}
 p - a potion of attraction {unknown}
 t - a potion of ambrosia {unknown}
 x - a potion of cancellation {unknown}


   Skills:
 - Level 3.6 Fighting
 + Level 6.7 Axes
 - Level 3.2 Armour
 - Level 4.0 Shields


You had 4 spell levels left.
You didn't know any spells.
Your spell library contained the following spells:

 Spells                   Type           Power      Damage    Failure   Level
 Ensorcelled Hibernation  Hex/Ice        0%         N/A       87%         2
 Spider Form              Tmut/Pois      0%         N/A       98%         3
 Tukima's Dance           Hex            0%         N/A       98%         3


Dungeon Overview and Level Annotations

Branches:
Dungeon (4/15)
 Temple: D:4-7

Altars:
Ashenzari
Dithmenos
Gozag
Uskayaw
Wu Jian

Shops:
D:1 (

Annotations:
D:3 3 runed translucent doors, bayefendi's ghost, weakling DjFE
D:4 Grinder; Pikel


Message History

Bayefendi's ghost wails, "You must not succeed where I failed!"
Bayefendi's ghost shouts, "Do you think the gods will protect you?"
Bayefendi's ghost keens inconsolably.
Bayefendi's ghost says very slowly, "There's no hope."
Bayefendi's ghost stares at you.
Bayefendi's ghost says, "What do you have that I didn't have?"
HP restored.
You climb downwards.
Level annotation: Grinder; Pikel Pikel hits you with a +2 whip of freezing.
Pikel freezes you. The lemure hits you.
Pikel hits you with a +2 whip of freezing!
Pikel freezes you.
There is a stone staircase leading up, spattered with blood here.
You feel very mighty all of a sudden. The lemure closely misses you.
Pikel barely misses you.
You closely miss the lemure. You closely miss Pikel. The lemure hits you.
Pikel hits you with a +2 whip of freezing.
Pikel freezes you.
You barely miss the lemure. You slash Pikel! The lemure hits you.
Pikel hits you with a +2 whip of freezing.
Pikel freezes you.
You closely miss the lemure. You barely miss Pikel. The lemure hits you.
Pikel barely misses you.
You slash the lemure!
The lemure is severely wounded.
You closely miss Pikel. The lemure misses you.
Pikel hits you with a +2 whip of freezing.
* * * LOW HITPOINT WARNING * * *
Pikel freezes you.
* * * LOW HITPOINT WARNING * * *
The lemure hits you but does no damage.
You slash Pikel!
Pikel is heavily wounded.
You hit the lemure. Pikel closely misses you. The lemure barely misses you.
You barely miss Pikel.
Pikel is heavily wounded.
You completely miss the lemure.
Pikel hits you with a +2 whip of freezing!
You die...

##### ##############...#####
#............#.......#
.............#...###.#
.............#.....#.#
................@5.#.#.#
#..............K...#.#.#
#..................#.#.#
######...............#.#
#.........###'###.#
######..............##.#
#.#.#...............##.###.#
.#.#.#................[...>#
#.###........##........#####


You could see Pikel and a lemure.

Vanquished Creatures
  3 lemures
  Ijyb (D:3)
  Robin (D:1)
  4 adders
  A worm (D:2)
  3 dart slugs
  An orc (D:3)
  8 ball pythons
  5 bats
  4 endoplasms
  2 giant cockroaches (D:3)
  18 goblins
  6 hobgoblins
  4 jackals (D:3)
  5 frilled lizards
  7 kobolds
  4 rats
77 creatures vanquished.

Notes
Turn   | Place    | Note
-------+----------+-------------------------------------------
     0 | D:1      | weirdocat the Hill Orc Fighter began the quest for the Orb.
     0 | D:1      | Reached XP level 1. HP: 19/19 MP: 1/1
     4 | D:1      | Found a faded altar of an unknown god.
   541 | D:1      | Found Govu's Weapon Emporium.
   560 | D:1      | Reached skill level 3 in Axes
   577 | D:1      | Reached XP level 2. HP: 25/26 MP: 2/2
  1234 | D:2      | Noticed Robin
  1253 | D:1      | Reached XP level 3. HP: 13/31 MP: 3/3
  1494 | D:1      | Killed Robin
  1495 | D:1      | Reached skill level 4 in Axes
  1731 | D:2      | Reached XP level 4. HP: 39/39 MP: 4/4
  1732 | D:2      | Reached skill level 5 in Axes
  2176 | D:2      | Found a hide-covered altar of Uskayaw.
  2885 | D:3      | Found a shadowy altar of Dithmenos.
  2912 | D:3      | Found a runed translucent gate.
  2912 | D:3      | Found a runed translucent gate.
  2913 | D:3      | Found a runed translucent gate.
  2914 | D:3      | Found an opulent altar of Gozag.
  2919 | D:3      | Noticed Ijyb
  2921 | D:3      | Reached skill level 6 in Axes
  2935 | D:3      | Killed Ijyb
  2936 | D:3      | Reached XP level 5. HP: 29/45 MP: 5/5
  3400 | D:3      | Noticed an ogre
  3400 | D:3      | Noticed bayefendi's ghost (weakling DjFE)
  3928 | D:4      | Found a broken altar of Ashenzari.
  3957 | D:4      | Found an ornate altar of the Wu Jian Council.
  3980 | D:4      | Noticed a lemure
  4170 | D:4      | Noticed a lemure
  4170 | D:4      | Noticed a lemure
  4197 | D:4      | Killed a lemure
  4277 | D:4      | Noticed Grinder
  4312 | D:4      | Paralysed by Grinder for 6 turns
  4327 | D:4      | HP: 2/45 [Grinder (3)]
  4328 | D:4      | Paralysed by Grinder for 4 turns
  4333 | D:4      | Paralysed by Grinder for 2 turns
  4701 | D:4      | Noticed a lemure
  4704 | D:4      | Noticed Pikel
  4722 | D:3      | Killed a lemure
  4734 | D:3      | Killed a lemure
  4899 | D:4      | Slain by Pikel

Illustrated notes

Levels and vault maps discovered:
D:1:      lightli_arrival_statuegarden, layout_basic, serial_shops, shop,
          ebering_ecumenical_altar_box, nrook_campfire
D:2:      layout_loops_cross, basic_altar, uniq_robin
D:3:      layout_loops_ring, nicolae_dithmenos_through_a_glass_darkly,
          ebering_ghost_gozag, uniq_ijyb
D:4:      layout_basic, nicolae_wu_jian_wuxing_cycle, general_overflow_altar,
          roderic_roman_lattice, kennysheep_another_room, uniq_grinder,
          uniq_pikel, uniq_duvessa, uniq_blork_the_orc

Skill      XL: |  1  2  3  4 |
---------------+-------------+-----
Axes           | 3 4 6 |  6.7
Shields        | 4 |  4.0
Fighting       | |  3.6
Armour         | |  3.2

Action                   |  1- 3 |  4- 6 || total
-------------------------+-------+-------++-------
Melee: War axe           |    74 |   152 ||   226
Throw: Dart              |       |    15 ||    15
  Use: Potion            |       |     3 ||     3
Armor: Scale mail        |    39 |    68 ||   107
Dodge: Dodged            |    34 |    90 ||   124
Block: Buckler           |    14 |    28 ||    42

Table legend: (Time is in decaauts)
 A = Elapsed time spent in this place.
 B = Non-inter-level travel time spent in this place.
 C = Inter-level travel time spent in this place.
 D = Time resting spent in this place.
 E = Time spent auto-exploring this place.
 F = Levels seen in this place.
 G = Mean time per level.
                   A        B        C        D        E       F      G
               +--------+--------+--------+--------+--------+-----+--------+
         Total |   4966 |   4222 |    744 |   1432 |   1766 |   4 | 1241.5 |
       Dungeon |   4966 |   4222 |    744 |   1432 |   1766 |   4 | 1241.5 |
               +--------+--------+--------+--------+--------+-----+--------+

Top non-repeatable levels by time:
     D:1: 1556 daAuts
     D:3: 1472 daAuts
     D:2: 1239 daAuts
     D:4: 698 daAuts
